 Dungeon Crawl Stone Soup version 0.28.0-43-g3370ac3207 (webtiles) character file.

Game seed: 16259364825219292638

67 adizb the Skirmisher (level 4, -1/37 HPs)
             Began as a Demonspawn Fighter on Mar 12, 2022.
             Slain by an orc wizard
             ... wielding a +0 dagger
              (2 damage)
             ... on level 2 of the Dungeon.
             The game lasted 00:05:19 (1061 turns).

adizb the Skirmisher (Demonspawn Fighter)           Turns: 1061, Time: 00:05:20

Health: -1/37      AC:  6    Str: 18    XL:     4   Next: 0%
Magic:  4/4        EV:  9    Int: 10    God:
Gold:   93         SH:  0    Dex: 12    Spells: 3/3 levels left

rFire   + . .      SeeInvis .   a - +0 flail
rCold   . . .      Faith    .   (no shield)
rNeg    . . .      Spirit   .   b - +0 scale mail
rPois   .          Reflect  .   (no helmet)
rElec   .          Harm     .   (no cloak)
rCorr   .          Rampage  .   (no gloves)
Will    .....                   (no boots)
Stlth   ..........              (no amulet)
HPRegen 0.12/turn               g - ring of protection from fire
MPRegen 0.09/turn               i - ring of flight

@: mighty, flying
A: demonic touch 1
a: no special abilities


You were on level 2 of the Dungeon.
You visited 1 branch of the dungeon, and saw 3 of its levels.

You collected 93 gold pieces.

Inventory:

Hand Weapons
 a - a +0 flail (weapon)
Armour
 b - a +0 scale mail (worn)
 c - a +0 buckler
 n - the +0 leather armour "Kiewn" {Harm rC+}
   (You found it on level 2 of the Dungeon)

   rC:        It protects you from cold.
   Harm:      It increases damage dealt and taken.
Jewellery
 g - a ring of protection from fire (left hand)
 i - a ring of flight (right hand)
Scrolls
 e - a scroll of fear {unknown}
 f - 4 scrolls of teleportation
 j - a scroll of identify {unknown}
 m - a scroll of holy word {unknown}
 p - a scroll of enchant weapon {unknown}
Potions
 h - a potion of flight {unknown}
 k - a potion of resistance {unknown}
 l - a potion of curing {unknown}
 o - 2 potions of mutation {unknown}


   Skills:
 * Level 3.8 Fighting
 + Level 2.2 Maces & Flails
 + Level 3.0 Armour
 + Level 1.0 Dodging
 - Level 2.8 Shields
 + Level 0.8 Unarmed Combat


You had 3 spell levels left.
You didn't know any spells.
Your spell library was empty.

Dungeon Overview and Level Annotations

Branches:
Dungeon (3/15)

Altars:
Qazlal


Innate Abilities, Weirdness & Mutations

Your touch may inflict minor irresistible damage on your foes.


Message History

Something hits you but does no damage. The orc hits you with a +0 hand axe.
The orc hits you with a +0 dagger.
You miss something. Your touch misses something. Something hits you.
* * * LOW HITPOINT WARNING * * *
The orc barely misses you. The orc hits you but does no damage.
There is a stone staircase leading up here.
The orc hits you with a +0 hand axe.
* * * LOW HITPOINT WARNING * * *
You fly upwards.
Reactivating autopickup.
There is a stone staircase leading down here.
You barely miss the orc.
The orc is heavily wounded.
Something completely misses you. The orc hits you but does no damage.
Something hits you but does no damage.
Deactivating autopickup; reactivate with Ctrl-A.
The orc completely misses you.
You barely miss the orc.
You touch the orc.
You kill the orc!
Something completely misses you.
You have reached level 4!
You feel clever. Something hits you but does no damage.
You miss something. Something hits you.
* * * LOW HITPOINT WARNING * * *
You barely miss something. Your touch misses something. Something hits you.
* * * LOW HITPOINT WARNING * * *
Something hits you but does no damage.
You barely miss something. Something hits you but does no damage.
You miss something. Something hits you.
* * * LOW HITPOINT WARNING * * *
You sock something! Your touch misses something.
Something hits you but does no damage. Something hits you.
* * * LOW HITPOINT WARNING * * *
You feel very mighty all of a sudden. Something hits you.
* * * LOW HITPOINT WARNING * * *
You miss something. Something hits you but does no damage.
You barely miss something. Something hits you.
You die...

#..........###########
#....................# #
#....................# ###
#....................# ..#
##........#..........# ..#
##......##..........#
..##########.#............#
..........................#
......#####..###@.........#
.###........## #.)........#
............####>.###.#####
.####.##.......(......# .#
#.##....##........#
.####......(..........##
.##....#............(..#
.......................#
............###........#


There were no monsters in sight!

Vanquished Creatures
  2 adders (D:2)
  3 orcs
  2 endoplasms
  2 giant cockroaches (D:1)
  A goblin (D:1)
  6 hobgoblins
  6 quokkas
  2 ball pythons
  6 bats (D:1)
  4 frilled lizards (D:2)
  5 kobolds
  3 rats
42 creatures vanquished.

Vanquished Creatures (others)
  8 plants (D:1)
8 creatures vanquished.

Grand Total: 50 creatures vanquished

Notes
Turn   | Place    | Note
-------+----------+-------------------------------------------
     0 | D:1      | adizb the Demonspawn Fighter began the quest for the Orb.
     0 | D:1      | Reached XP level 1. HP: 18/18 MP: 1/1
   146 | D:1      | Gained mutation: Your touch may inflict minor irresistible
                  | damage on your foes. [demonic ancestry]
   146 | D:1      | Reached XP level 2. HP: 15/24 MP: 2/2
   500 | D:1      | Reached XP level 3. HP: 29/29 MP: 3/3
   675 | D:2      | Identified the +0 leather armour "Kiewn" {Harm rC+}
   887 | D:2      | Reached skill level 1 in Dodging
   936 | D:2      | Found a stormy altar of Qazlal.
  1051 | D:2      | Reached XP level 4. HP: 9/37 MP: 4/4
  1059 | D:2      | HP: 1/37 [something (2)]
  1061 | D:2      | Slain by an orc wizard

Illustrated notes

Levels and vault maps discovered:
D:1:      minmay_arrival_hallway, layout_basic, serial_bayou,
          serial_bayou_shore_a, serial_bayou_ford_a, serial_bayou_pond_d,
          serial_bayou_lake_a
D:2:      layout_rooms, basic_altar, minmay_tree_intersection,
          minmay_pentomino_w2
D:3:      layout_basic, serial_shops, shop, minmay_crystal_room

Skill      XL: |  1  2  3 |
---------------+----------+-----
Maces & Flails | 2 |  2.2
Armour         | 3 |  3.0
Dodging        | 1 |  1.0
Fighting       | |  3.8
Shields        | |  2.8
Unarmed Combat | |  0.8

Action                   |  1- 3 |  4- 6 || total
-------------------------+-------+-------++-------
Melee: Flail             |   111 |     7 ||   118
       Touch             |    12 |       ||    12
       Punch             |     1 |       ||     1
  Use: Scroll            |     1 |       ||     1
       Potion            |       |     1 ||     1
Armor: Scale mail        |    57 |     5 ||    62
       Leather armour    |     1 |       ||     1
Dodge: Dodged            |    52 |       ||    52
Block: Buckler           |     7 |       ||     7
